 Dungeon Crawl Stone Soup version 0.25.1-2-g60ff931df9 (webtiles) character file.

Game seed: 8266292482682857407

76958 Curus the Warrior (level 15, -1/145 HPs)
             Began as a Minotaur Gladiator on Oct 23, 2020.
             Was the Champion of Makhleb.
             Slain by an orc knight
             ... wielding a +0 long sword
              (32 damage)
             ... on level 2 of the Orcish Mines.
             The game lasted 02:11:41 (19531 turns).

Curus the Warrior (Minotaur Gladiator)             Turns: 19531, Time: 02:11:42

Health: -1/145     AC: 12    Str: 20    XL:     15   Next: 14%
Magic:  21/21      EV: 24    Int: 12    God:    Makhleb [******]
Gold:   1526       SH:  6    Dex: 18    Spells: 14/14 levels left

rFire    . . .     SeeInvis .   a - +4 trident (vorpal)
rCold    . . .     Gourm    .   I - +1 buckler "Xyillo Honokk" {Int+3 Dex+3 Slay+3}
rNeg     + . .     Faith    +   J - +0 leather armour {rN+}
rPois    +         Spirit   .   c - +1 hat
rElec    .         Reflect  .   o - +1 cloak
rCorr    .         Harm     .   R - +0 pair of gloves
MR       +++..                  E - +2 pair of boots
Stlth    +.........             x - amulet of faith
HPRegen  0.34/turn              U - ring of protection from magic
MPRegen  0.17/turn              F - ring "Lengem" {rPois MR+}

@: no status effects
A: retaliatory headbutt, horns 2, slimy green scales 1, clever 1, low mp 1
a: Minor Destruction, Lesser Servant of Makhleb, Major Destruction, Greater
Servant of Makhleb, Renounce Religion


You were on level 2 of the Orcish Mines.
You worshipped Makhleb.
Makhleb was exalted by your worship.
You were not hungry.

You visited 4 branches of the dungeon, and saw 20 of its levels.

You collected 2345 gold pieces.
You spent 819 gold pieces at shops.

Inventory:

Hand Weapons
 a - a +4 vorpal trident (weapon)
Missiles
 d - 4 throwing nets (quivered)
Armour
 c - a +1 hat (worn)
 e - a +2 leather armour of magic resistance
 o - a +1 cloak (worn)
 y - a +1 troll leather armour
 E - a +2 pair of boots (worn)
 I - the +1 buckler "Xyillo Honokk" (worn) {Int+3 Dex+3 Slay+3}
   (You acquired it on level 8 of the Dungeon)

   It affects your intelligence (+3).
   It affects your dexterity (+3).
   It affects your accuracy and damage with ranged weapons and melee attacks
   (+3).
 J - a +0 leather armour of positive energy (worn)
 N - a +2 ring mail of cold resistance
 R - a +0 pair of gloves (worn)
 Y - a +0 buckler of positive energy
Jewellery
 g - an uncursed ring of protection from fire
 h - an uncursed ring of protection from fire
 j - a -4 ring of evasion
 n - an uncursed ring of magical power
 r - an uncursed ring of protection from cold
 s - a -4 ring of intelligence
 x - an amulet of faith (around neck)
 A - a cursed +6 ring of intelligence
 F - the ring "Lengem" (right hand) {rPois MR+}
   (You bought it in a shop on level 7 of the Dungeon)

   [ring of poison resistance]

   It protects you from poison.
   It affects your resistance to hostile enchantments.
 G - an uncursed amulet of magic regeneration
 L - a cursed amulet of inaccuracy
 M - a +4 ring of evasion
 U - a ring of protection from magic (left hand)
Wands
 w - a wand of clouds (6)
 H - a wand of enslavement (23)
 P - a wand of digging (10)
 S - a wand of iceblast (15)
 V - a wand of random effects (25)
 X - a wand of acid (5)
Scrolls
 b - a scroll of holy word
 i - 2 scrolls of immolation
 k - 13 scrolls of remove curse
 l - 9 scrolls of identify
 p - a scroll of magic mapping
 q - 12 scrolls of teleportation
 u - 6 scrolls of fog
 D - 2 scrolls of enchant weapon
 K - 2 scrolls of amnesia
 O - 3 scrolls of fear
Potions
 m - 9 potions of curing
 v - 2 potions of berserk rage
 z - 4 potions of might
 C - a potion of cancellation
 Q - a potion of haste
 T - a potion of invisibility
 W - a potion of heal wounds
 Z - a potion of flight
Comestibles
 f - 33 rations


   Skills:
 + Level 16.4 Fighting
 - Level 14.0 Polearms
 - Level 2.0 Throwing
 + Level 15.4 Dodging
 - Level 4.3 Shields
 - Level 13.2 Invocations


You had 14 spell levels left.
You didn't know any spells.
Your spell library contained the following spells:

 Spells                   Type           Power        Failure   Level  Hunger
 Animate Skeleton         Necr           N/A          36%         1    ##.....
 Foxfire                  Conj/Fire      #...         36%         1    ##.....
 Freeze                   Ice            #...         36%         1    ##.....
 Infusion                 Chrm           #...         36%         1    ##.....
 Magic Dart               Conj           #...         36%         1    ##.....
 Pain                     Necr           #...         36%         1    ##.....
 Sandblast                Erth           #.....       36%         1    ##.....
 Passwall                 Tmut/Erth      #.......     52%         2    ###....
 Searing Ray              Conj           #.....       52%         2    ###....
 Shroud of Golubria       Chrm/Tloc      #.....       52%         2    ###....
 Song of Slaying          Chrm           #.......     52%         2    ###....
 Confusing Touch          Hex            #.......     75%         3    ####...
 Conjure Flame            Conj/Fire      #.......     75%         3    ####...
 Dazzling Flash           Conj/Hex       #.....       75%         3    ####...
 Frozen Ramparts          Ice            #.....       75%         3    ####...
 Gell's Gravitas          Tloc           #.........   75%         3    ####...
 Inner Flame              Hex/Fire       #.......     75%         3    ####...
 Ozocubu's Armour         Chrm/Ice       #.......     75%         3    ####...
 Spectral Weapon          Hex/Chrm       #.......     75%         3    ####...
 Stone Arrow              Conj/Erth      #.....       75%         3    ####...
 Vampiric Draining        Necr           #.........   75%         3    ####...
 Animate Dead             Necr           N/A          98%         4    #####..
 Cause Fear               Hex            #.........   98%         4    #####..
 Fulminant Prism          Conj/Hex       #.........   98%         4    #####..
 Hailstorm                Conj/Ice       #.......     98%         4    #####..
 Iskenderun's Mystic Bla  Conj/Tloc      #.......     98%         4    #####..
 Petrify                  Tmut/Erth      #.......     98%         4    #####..
 Sticky Flame             Conj/Fire      #.......     98%         4    #####..
 Summon Ice Beast         Ice/Summ       #.......     98%         4    #####..
 Agony                    Necr           #.......     100%        5    ######.
 Fireball                 Conj/Fire      #.........   100%        5    ######.
 Lee's Rapid Deconstruct  Erth           #.........   100%        5    ######.
 Metabolic Englaciation   Hex/Ice        #.........   100%        5    ######.
 Silence                  Hex/Air        #.........   100%        5    ######.
 Yara's Violent Unravell  Hex/Tmut       #.........   100%        5    ######.
 Discord                  Hex            #.........   100%        8    #######


Dungeon Overview and Level Annotations

Branches:
Dungeon (11/15)            Temple (1/1) D:4            Lair (6/6) D:11
 Shoals (0/4) Lair:3       Spider (0/4) Lair:3        Slime (0/5) Lair:5
    Orc (2/2) D:11            Elf (0/3) Orc:2

Altars:
Ashenzari
Cheibriados
Elyvilon
Fedhas
Gozag
Makhleb
Qazlal
Trog
Uskayaw
Vehumet
Xom
Yredelemnul
The Shining One
Beogh

Shops:
D:4 *   D:7 *   Orc:2 *?*

Annotations:
D:5 2 transporters, UnDebs's ghost, novice MiFi


Innate Abilities, Weirdness & Mutations

You reflexively headbutt those who attack you in melee.
You have a pair of horns on your head.
You are partially covered in slimy green scales. (AC +2)
Your mind is acute. (Int +2)
Your magical capacity is low. (-10% MP)


Message History

The orc knight is severely wounded.
Your ynoxinul barely misses the orc knight.
You puncture the orc knight!
The orc knight is almost dead.
The orc knight completely misses you.
Your ynoxinul gestures.
You barely miss the orc knight.
You headbutt the orc knight, but do no damage.
The orc knight is almost dead.
You closely miss the orc knight.
You headbutt the orc knight, but do no damage.
The orc knight is almost dead.
Your ynoxinul hits the orc knight.
The orc knight hits you with a +0 long sword!!
* * * LOW HITPOINT WARNING * * *
You feel much better.
Your ufetubus barely misses the orc knight. x2
Your ynoxinul gestures.
The orc knight hits you with a +0 long sword!!
You die...

..........).........
....................
....................
....................
..........##...#...
.........###..###.
........###..####
.......###..###.##
......###..###..@##
.....###..###.#.#o##
....###..###)..#.53##
...###..###...###))5#
..###..###...##
##555# ####........##
#)..# ###....#...##
#...# ##...#....##
#.#.# #∩.#.....##
....


You could see an orc knight (strong), a friendly ynoxinul (summoned) and 5
friendly ufetubi.

Vanquished Creatures
  Rupert (Lair:5)
  Erolcha (D:10)
  9 hydras
  2 two-headed ogres
  9 death yaks
  Sonja (Lair:6)
  A sixfirhy (Orc:2)
  2 lindwurms
  2 orc knights (Orc:2)
  Pikel (D:5)
  An ugly thing (D:10)
  5 oklob plants
  6 orc sorcerers (Orc:2)
  2 manticores
  4 black mambas
  3 elephants (Lair:4)
  A smoke demon (Orc:2)
  29 spiny frogs
  A rust devil (Orc:2)
  A torpor snail (Lair:4)
  Maggie (D:7)
  3 rime drakes
  A kobold demonologist (D:11)
  An ice devil (Orc:2)
  5 komodo dragons
  A hellwing (Orc:2)
  3 meliai (Lair:4)
  2 tyrant leeches
  5 trolls
  A jumping spider (Lair:3)
  A polar bear (Lair:5)
  A queen bee (Lair:4)
  23 blink frogs
  14 hippogriffs
  2 slime creatures (Lair:5)
  14 dream sheep
  A spriggan (D:7)
  8 wyverns
  34 yaks
  Grum (D:8)
  6 basilisks
  2 wargs (Orc:2)
  A hungry ghost (D:10)
  6 vampire mosquitoes (Lair:6)
  10 water moccasins
  12 porcupines
  4 sky beasts
  35 orc warriors
  2 ice beasts (D:9)
  4 phantoms
  A black bear (D:9)
  An eye of draining (D:9)
  12 ogres
  11 wolves
  3 centaurs
  A big kobold (D:9)
  10 crocodiles
  27 bullfrogs
  A wyvern skeleton (D:10)
  2 scorpions (D:11)
  A water moccasin skeleton (D:7)
  41 killer bees
  7 electric eels
  7 wights
  3 howler monkeys
  3 crimson imps
  A bullfrog zombie (D:7)
  2 centaur zombies
  6 hounds
  A quasit (D:5)
  26 orc priests
  7 jellies
  Crazy Yiuf (D:5)
  4 centaur skeletons
  17 orc wizards
  2 bullfrog skeletons
  4 iguanas
  6 worker ants
  2 hound zombies
  A howler monkey zombie (D:3)
  3 gnolls (D:2)
  9 adders
  3 shadow imps
  2 oozes
  2 adder zombies
  4 adder skeletons
  3 worms
  A dart slug (D:2)
  5 leopard geckos
  102 orcs
  7 bats
  5 giant cockroaches
  7 hobgoblins
  2 quokkas (D:6)
  3 frilled lizards
  6 goblins
  2 jackal skeletons (D:4)
  15 kobolds
  A leopard gecko zombie (D:5)
  9 rats
  A plant (Lair:2)
689 creatures vanquished.

Vanquished Creatures (collateral kills)
  A red devil (Orc:2)
  2 yaks (Lair:6)
3 creatures vanquished.

Vanquished Creatures (others)
  Maurice (D:8)
  An orc warrior (D:8)
  An orc priest (D:6)
  An orc (D:6)
  3 jackals (D:6)
  5 fungi
  52 plants
64 creatures vanquished.

Grand Total: 756 creatures vanquished

Notes
Turn   | Place    | Note
-------+----------+-------------------------------------------
     0 | D:1      | Curus the Minotaur Gladiator began the quest for the Orb.
     0 | D:1      | Reached XP level 1. HP: 18/18 MP: 0/0
   193 | D:1      | Reached XP level 2. HP: 24/25 MP: 1/1
   605 | D:1      | Reached skill level 5 in Polearms
   703 | D:2      | Found a radiant altar of Vehumet.
   719 | D:2      | Reached XP level 3. HP: 16/30 MP: 2/2
   866 | D:2      | You fall into a shaft and drop 2 floors!
  1098 | D:3      | Reached XP level 4. HP: 33/37 MP: 3/3
  1931 | D:2      | Reached XP level 5. HP: 19/42 MP: 4/4
  3117 | D:4      | Found Mietaro's Assorted Antiques.
  3117 | D:4      | Noticed an ogre
  3121 | D:4      | Killed an ogre
  3121 | D:4      | Reached XP level 6. HP: 44/50 MP: 5/5
  3133 | D:4      | Bought a metallic cyan potion for 19 gold pieces
  3133 | D:4      | Bought a scroll of fog for 44 gold pieces
  3408 | D:4      | Found a staircase to the Ecumenical Temple.
  3417 | Temple   | Entered the Ecumenical Temple
  3437 | Temple   | Became a worshipper of Makhleb the Destroyer
  3553 | D:5      | Entered Level 5 of the Dungeon
  3602 | D:5      | Found a transporter.
  3602 | D:5      | Found a transporter.
  3662 | D:5      | Found a runed translucent door.
  3663 | D:5      | Noticed Crazy Yiuf
  3865 | D:5      | Noticed UnDebs's ghost (novice MiFi)
  4039 | D:5      | Killed Crazy Yiuf
  4039 | D:5      | Reached XP level 7. HP: 30/56 MP: 6/6
  4239 | D:6      | Reached skill level 10 in Polearms
  4275 | D:6      | Noticed Pikel
  4307 | D:5      | Killed Pikel
  4307 | D:5      | Reached XP level 8. HP: 17/62 MP: 7/7
  4578 | D:6      | Got a crystal spear
  4579 | D:6      | Identified the +4 spear "X" {flame, Int+3} (You found it on
                  | level 6 of the Dungeon)
  4597 | D:6      | Reached * piety under Makhleb
  4787 | D:6      | Gained mutation: Your mind is acute. (Int +2) [potion of
                  | mutation]
  4787 | D:6      | Gained mutation: Your magical capacity is low. (-10% MP)
                  | [potion of mutation]
  4787 | D:6      | Gained mutation: You are partially covered in slimy green
                  | scales. (AC +2) [potion of mutation]
  5016 | D:7      | Reached skill level 3 in Fighting
  5209 | D:7      | Reached skill level 4 in Fighting
  5215 | D:7      | Noticed a troll
  5216 | D:7      | Reached skill level 5 in Dodging
  5222 | D:7      | Killed a troll
  5222 | D:7      | Reached skill level 5 in Fighting
  5376 | D:7      | Reached XP level 9. HP: 73/75 MP: 7/7
  5433 | D:7      | Reached skill level 6 in Fighting
  5668 | D:7      | Found Harem's Serpentskin Sales.
  5699 | D:7      | Noticed Maggie
  5727 | D:7      | Killed Maggie
  5727 | D:7      | Reached skill level 7 in Fighting
  6404 | D:8      | Reached skill level 8 in Fighting
  6514 | D:8      | Noticed Grum
  6528 | D:7      | Reached ** piety under Makhleb
  6604 | D:8      | Noticed Maurice
  6634 | D:8      | Killed Maurice
  6672 | D:8      | Reached skill level 9 in Fighting
  6958 | D:7      | Bought the ring "Lengem" {rPois MR+} for 423 gold pieces
  7115 | D:8      | Reached XP level 10. HP: 91/91 MP: 8/8
  7184 | D:8      | Identified a scroll of acquirement
  7184 | D:8      | Acquired the +1 buckler "Xyillo Honokk" {Int+3 Dex+3
                  | Slay+3}
  7240 | D:8      | Found an opulent altar of Gozag.
  7244 | D:8      | Found a glowing golden altar of the Shining One.
  7268 | D:8      | Found a bloodstained altar of Trog.
  7268 | D:8      | Found a shattered altar of Ashenzari.
  7275 | D:8      | Found a basalt altar of Yredelemnul.
  7388 | D:8      | Killed Grum
  7676 | D:9      | Reached skill level 10 in Fighting
  7735 | D:9      | Found a roughly hewn altar of Beogh.
  7752 | D:9      | Reached *** piety under Makhleb
  7908 | D:9      | Reached skill level 10 in Dodging
  7935 | D:9      | Reached **** piety under Makhleb
  7973 | D:9      | Found a blossoming altar of Fedhas.
  8519 | D:10     | Entered Level 10 of the Dungeon
  8530 | D:10     | Reached skill level 11 in Fighting
  8590 | D:10     | Noticed a green ugly thing
  8591 | D:10     | Noticed a two-headed ogre
  8599 | D:10     | Killed a green ugly thing
  8606 | D:10     | Killed a two-headed ogre
  8681 | D:10     | Reached XP level 11. HP: 104/104 MP: 8/8
  8851 | D:10     | Noticed Erolcha
  8866 | D:10     | Killed Erolcha
  8866 | D:10     | Reached skill level 12 in Fighting
  9431 | D:11     | Reached ***** piety under Makhleb
  9461 | D:11     | Noticed a two-headed ogre
  9880 | D:11     | Found a blossoming altar of Fedhas.
 10042 | D:11     | Reached skill level 13 in Fighting
 10077 | D:11     | Found a staircase to the Lair.
 10270 | D:11     | Noticed a sun demon
 10288 | D:11     | Killed a two-headed ogre
 10668 | D:11     | Found a staircase to the Orcish Mines.
 10914 | Lair:1   | Entered Level 1 of the Lair of Beasts
 10925 | Lair:1   | Reached skill level 1 in Shields
 10929 | Lair:1   | Reached skill level 1 in Invocations
 10939 | Lair:1   | Reached XP level 12. HP: 76/116 MP: 8/10
 11064 | Lair:1   | Noticed a six-headed hydra
 11078 | Lair:1   | Killed a six-headed hydra
 11154 | Lair:1   | Reached ****** piety under Makhleb
 11394 | Lair:1   | Reached skill level 5 in Invocations
 11449 | Lair:1   | Noticed a seven-headed hydra
 11460 | Lair:1   | Killed a seven-headed hydra
 12950 | Lair:3   | Found a staircase to the Shoals.
 13154 | Lair:3   | Found a hole to the Spider Nest.
 13803 | Lair:4   | Reached XP level 13. HP: 123/123 MP: 16/16
 13961 | Lair:4   | Reached skill level 10 in Invocations
 14211 | Lair:4   | Found a gate leading to a gauntlet.
 14336 | Lair:4   | Found the +7 great mace "Undeadhunter" {disrupt, rN+}
 14744 | Lair:5   | Found a staircase to the Slime Pits.
 14824 | Lair:5   | Noticed Rupert
 14847 | Lair:5   | Killed Rupert
 15387 | Lair:5   | Reached XP level 14. HP: 130/130 MP: 20/20
 15755 | Lair:6   | Entered Level 6 of the Lair of Beasts
 15974 | Lair:6   | Reached skill level 14 in Fighting
 16529 | Lair:6   | Reached skill level 15 in Fighting
 16614 | Lair:6   | HP: 1/135 [death yak (13)]
 16853 | Lair:6   | Noticed Sonja
 16862 | Lair:6   | Killed Sonja
 18082 | Orc:1    | Entered Level 1 of the Orcish Mines
 18245 | Orc:2    | Entered Level 2 of the Orcish Mines
 18245 | Orc:2    | Found a staircase to the Elven Halls.
 18292 | Orc:2    | Reached skill level 15 in Dodging
 18311 | Orc:2    | Found Qiroih's General Store.
 18313 | Orc:2    | Found Ysinnuu's Magic Scroll Boutique.
 18335 | Orc:2    | Reached skill level 16 in Fighting
 18377 | Orc:2    | Bought a scroll of teleportation for 36 gold pieces
 18377 | Orc:2    | Bought a potion of flight for 36 gold pieces
 18389 | Orc:2    | Bought a scroll of fear for 45 gold pieces
 18389 | Orc:2    | Bought a scroll of teleportation for 39 gold pieces
 18389 | Orc:2    | Bought a scroll of holy word for 97 gold pieces
 18559 | Orc:2    | Found Yreokku's General Store.
 18569 | Orc:2    | Reached XP level 15. HP: 144/144 MP: 21/21
 18621 | Orc:2    | Bought a scroll of fog for 32 gold pieces
 18621 | Orc:2    | Bought a scroll of teleportation for 48 gold pieces
 19530 | Orc:2    | HP: 3/145 [orc knight/+0 long sword (26)]
 19531 | Orc:2    | Slain by an orc knight

Illustrated notes

Levels and vault maps discovered:
D:1:      doesnt_arrival_eight_statues, layout_loops_ring
D:2:      layout_loops_ring, vehumet_crystals, minmay_hedge_maze
D:3:      layout_basic, minmay_fractal_squares_5
D:4:      layout_basic, temple_green, serial_shops,
          nicolae_shop_temple_entry_statues_fountains
D:5:      layout_basic, gammafunk_ghost_hive, first_ration,
          uniq_crazy_yiuf_cottage
D:6:      layout_rooms, uniq_pikel
D:7:      layout_basic, the_bakery, guppyfry_shop_venom, uniq_maggie
D:8:      layout_cave_pods, nicolae_overflow_hidden_temple, uniq_maurice,
          uniq_grum
D:9:      layout_roguey [special_room_orc], fedhas_altar_fruit_tree
D:10:     layout_cave_pods, roderic_roman_lattice, uniq_erolcha
D:11:     layout_roguey, david_lair_generic, erik_orc_2, basic_altar
Temple:   kb_temple_of_zot
Lair:1:   layout_long_grid, beast_lair_carwin_11
Lair:2:   layout_loops_ring, nicolae_lair_grove_arrangements,
          minmay_lair_oklob_chamber
Lair:3:   layout_cave_shapes, minmay_shoals_entry_centaurs,
          spider_nest_entry_rubble
Lair:4:   regret_index_bee_streams, layout_long_grid, gauntlet_entry_generic,
          grunt_megastairs_4
Lair:5:   layout_roguey, minmay_slime_entry_pillars, serial_bayou_pond_c,
          chequers_serial_rivers_micro_e, grunt_megastairs_3, uniq_rupert
Lair:6:   minmay_lair_end_frog_pond, layout_gridlike, uniq_sonja
Orc:1:    layout_caves
Orc:2:    pf_orc_diabolical, layout_caves, serial_shops, shop, mines2_lemuel

Skill      XL: |  1  2  3  4  5  6  7  8  9 10 11 12 13 14 |
---------------+-------------------------------------------+-----
Polearms       | 4 5 6 7 8 9 11 12 13 14 | 14.0
Fighting       | 5 9 11 13 16 | 16.4
Dodging        | 5 8 11 13 15 | 15.4
Shields        | 2 4 |  4.3
Invocations    | 1 8 13 | 13.2
Throwing       | |  2.0

Action                   |  1- 3 |  4- 6 |  7- 9 | 10-12 | 13-15 || total
-------------------------+-------+-------+-------+-------+-------++-------
Melee: Trident           |    74 |   158 |    45 |   146 |  1077 ||  1500
       Headbutt          |     5 |    17 |    34 |   187 |   252 ||   495
       Spear             |       |       |   216 |   666 |       ||   882
Throw: Throwing net      |       |       |     1 |       |     1 ||     2
Invok: Lesser Servant of |       |       |       |       |     3 ||     3
       Greater Servant o |       |       |       |       |     1 ||     1
Evoke: Wand              |       |       |       |       |     6 ||     6
  Use: Scroll            |     5 |     8 |     6 |     7 |     5 ||    31
       Potion            |     5 |     4 |     2 |     2 |     4 ||    17
 Stab: Held in net/web   |       |       |     1 |       |       ||     1
       Sleeping          |       |       |       |     6 |       ||     6
       Distracted        |       |       |       |     1 |     2 ||     3
       Confused          |       |       |       |       |    10 ||    10
  Eat: Chunk             |       |    10 |     6 |    18 |    16 ||    50
       Ration            |       |       |     1 |     1 |     1 ||     3
Armor: Leather armour    |    10 |    28 |    38 |    53 |    29 ||   158
       Troll leather arm |       |       |       |    35 |    98 ||   133
Dodge: Dodged            |    30 |    63 |    72 |   301 |   617 ||  1083
Block: Buckler           |       |       |       |    76 |   236 ||   312
